Map: 로스트 앤 파운드 - 래더

Players

Geralt (Gerald)

  • Race: Protoss Protoss
  • League: Grandmaster
  • Spawn Location: 7:00

lIIllllIIlll (INnoVation) - Winner!

  • Race: Terran Terran
  • League: Master
  • Spawn Location: 1:00

Event: HomeStory Cup XVII

VOD

Have the link to the VOD?

Description

Time

  • Played on: June 29, 2018, 3:17 p.m.
  • Length: 10:19

All games in this series

Show
View Real Time Build Order
Export as new Build Order

Geralt Protoss 

Build Orders: 1 Gate Expand, Blink Stalkers 

Get SALT Encoding   

  12  0:00  Probe  
  13  0:12  Probe  
  14  0:19  Pylon  
  14  0:24  Probe  
  15  0:34  Probe  
  15  0:37  Gateway  
  15  0:42  Probe  
  16  0:47  Assimilator  
  17  0:51  Probe  
  18  1:03  Probe  
  19  1:15  Probe  
  20  1:23  Nexus  
  20  1:27  Probe  
  21  1:37  Cybernetics Core  
  21  1:39  Probe  
  22  1:47  Assimilator  
  22  1:52  Pylon  
  22  1:53  Probe  
  23  2:05  Adept  
  23  2:08  Probe  
  23  2:14  Warp Gate  
  25  2:20  Probe  
  26  2:23  Twilight Council  
  26  2:27  Stalker  
  26  2:32  Probe  
  29  2:39  Blink  
  29  2:47  Probe  
  29  2:48  Probe  
  29  2:51  Stalker  
  33  2:59  Probe  
  33  3:02  Probe  
  35  3:11  Probe  
  36  3:15  Gateway  
  36  3:17  Probe  
  37  3:23  Probe  
  36  3:27  Gateway  
  36  3:29  Probe  
  37  3:37  Probe, Stalker  
  37  3:39  Probe  
  40  3:45  Probe  
  41  3:51  Probe  
  41  3:53  Robotics Facility  
  43  3:55  Probe  
  44  4:03  Probe  
  44  4:07  Probe  
  46  4:10  Assimilator, Pylon  
  46  4:19  Probe  
  46  4:22  Pylon  
  46  4:28  Probe  
  46  4:31  Probe  
  48  4:33  Observer  
  48  4:34  Pylon  
  48  4:36  Stalker x2  
  48  4:37  Stalker  
  54  4:40  Probe  
  54  4:43  Probe  
  57  4:51  Nexus  
  57  4:52  Probe  
  58  4:53  Observer  
  59  5:02  Charge  
  59  5:06  Forge  
  59  5:07  Forge  
  59  5:12  Probe x2  
  61  5:14  Observer  
  62  5:25  Gateway  
  62  5:30  Protoss Ground Armor Level 1, Gateway, Protoss Ground Weapons Level 1  
  62  5:31  Probe  
  63  5:35  Gateway  
  63  5:36  Immortal  
  63  5:37  Probe  
  68  5:48  Probe  
  69  5:52  Pylon  
  69  5:55  Probe  
  70  6:02  Gateway  
  70  6:03  Probe  
  71  6:07  Gateway, Pylon  
  71  6:08  Probe  
  71  6:09  Sentry  
  71  6:10  Zealot  
  77  6:12  Zealot  
  77  6:16  Probe  
  79  6:21  Immortal  
  79  6:25  Probe  
  84  6:27  Pylon  
  84  6:30  Zealot x2  
  88  6:37  Zealot x3  
  94  6:47  Pylon  
  94  6:48  Pylon  
  94  6:56  Zealot x3  
  98  7:02  Zealot x2  
  102  7:10  Probe  
  102  7:12  Zealot  
  105  7:17  Zealot x3  
  76  7:30  Stalker x2  
  76  7:32  Immortal  
  76  7:34  Zealot  
  76  7:37  Protoss Ground Weapons Level 2, Protoss Ground Armor Level 2  
  76  7:39  Zealot x3  
  76  7:42  Probe  
  76  7:43  Probe  
  68  7:54  Zealot x5  
  71  8:02  Zealot x3  
  60  8:13  Zealot  
  60  8:19  Zealot x5  
  62  8:26  Zealot x2  
  57  8:36  Zealot x2  
  51  8:42  Zealot x3  
  51  8:43  Probe  
  51  8:47  Sentry x3  
  56  8:55  Warp Prism, Zealot  
  59  8:57  Zealot  
  56  9:15  Zealot x2  
  52  9:17  Zealot  
  52  9:21  Zealot  
  54  9:27  Zealot  
  54  9:28  Zealot  
  49  9:34  Zealot  
  48  9:39  Sentry x4  
  54  9:45  Zealot  
  52  9:54  Zealot x3  
  53  10:06  Zealot x3  
  41  10:15  Zealot x2  
Show
View Real Time Build Order
Export as new Build Order

lIIllllIIlll Terran - Winner!

Build Orders: MMM Bio 

Get SALT Encoding   

  12  0:00  SCV  
  13  0:12  SCV  
  14  0:17  Supply Depot  
  14  0:24  SCV  
  14  0:27  Refinery  
  15  0:38  SCV  
  16  0:44  Barracks  
  16  0:50  SCV  
  17  1:02  SCV  
  18  1:14  SCV  
  19  1:31  Orbital Command, Reaper  
  20  1:53  Factory  
  20  1:57  SCV  
  21  2:01  Command Center  
  21  2:05  Barracks Reactor  
  21  2:09  SCV  
  21  2:13  Supply Depot  
  22  2:18  Refinery  
  22  2:22  SCV  
  23  2:35  SCV  
  24  2:38  Widow Mine  
  26  2:44  Marine x2  
  26  2:48  SCV  
  26  2:49  Starport  
  28  3:00  SCV  
  31  3:12  Marine x2  
  31  3:13  SCV  
  31  3:14  Orbital Command  
  31  3:16  Factory Tech Lab  
  32  3:25  SCV  
  33  3:30  Marine x2  
  35  3:37  Raven  
  35  3:39  SCV  
  35  3:40  Factory Tech Lab, SCV  
  39  3:41  Bunker  
  39  3:42  Supply Depot  
  39  3:48  Marine x2  
  39  3:51  SCV  
  39  3:52  SCV  
  43  3:58  Supply Depot  
  43  3:59  Siege Tank  
  46  4:04  SCV x2  
  46  4:06  Marine x2  
  50  4:17  Barracks  
  50  4:18  SCV x2  
  50  4:19  Barracks  
  50  4:25  Refinery  
  50  4:26  Engineering Bay  
  50  4:27  Marine  
  50  4:28  Marine  
  52  4:33  Siege Tank  
  52  4:36  SCV x2  
  57  4:40  Supply Depot, Starport Reactor  
  57  4:45  Marine  
  58  4:46  Marine  
  58  4:51  SCV x2  
  58  4:52  Terran Infantry Weapons Level 1  
  61  4:54  Supply Depot  
  61  5:03  Marine, SCV x2  
  61  5:04  Marine  
  65  5:13  Stimpack  
  65  5:16  Factory Reactor, Supply Depot  
  65  5:19  Marauder  
  65  5:20  Marauder, Marine  
  70  5:22  Marine, SCV x2  
  70  5:27  Supply Depot  
  73  5:28  Combat Shields  
  72  5:38  Marine  
  72  5:39  Supply Depot, Marine, SCV x2  
  72  5:41  Marauder  
  78  5:44  Marauder  
  79  5:51  Supply Depot  
  79  5:56  Medivac x2, Marine  
  84  5:57  Marine  
  84  6:03  Widow Mine x2  
  89  6:06  SCV x2  
  89  6:10  Marauder x2  
  95  6:12  Supply Depot  
  95  6:14  Marine  
  95  6:15  Marine  
  97  6:25  Widow Mine x2  
  101  6:27  Supply Depot  
  101  6:32  Marauder x2, Marine  
  105  6:33  Marine  
  105  6:41  Command Center  
  105  6:45  Refinery  
  103  6:48  Terran Infantry Armor Level 1  
  103  6:49  Widow Mine  
  103  6:50  Widow Mine  
  103  6:52  SCV x2  
  111  6:54  Marauder  
  111  6:56  Marauder  
  111  7:01  Marine x2  
  113  7:06  Supply Depot  
  113  7:07  SCV x2  
  116  7:11  Widow Mine x2  
  119  7:17  Concussive Shells  
  97  7:30  Marauder x2  
  97  7:31  Marine x2  
  97  7:35  Widow Mine x2  
  101  7:43  Medivac  
  101  7:44  Medivac  
  100  7:46  SCV x2  
  101  7:52  Barracks  
  101  7:54  Orbital Command  
  101  7:55  Barracks  
  101  7:58  Widow Mine x2, SCV x2  
  107  8:10  Marauder, Marine  
  107  8:11  Marauder, Marine  
  109  8:18  SCV x2  
  107  8:21  Medivac x2  
  107  8:22  Widow Mine x2  
  107  8:28  Marine x2  
  107  8:32  Marauder  
  104  8:36  SCV x2  
  104  8:37  SCV  
  106  8:41  Marauder  
  106  8:45  Widow Mine x2  
  106  8:46  Marine x2  
  110  8:53  Marauder  
  110  8:54  Engineering Bay, Armory  
  112  9:02  Marauder  
  112  9:04  Marine x2  
  112  9:05  Barracks Reactor, Barracks Tech Lab  
  112  9:07  Widow Mine x2, SCV  
  112  9:08  SCV x2  
  119  9:10  Medivac x2  
  119  9:15  Marauder  
  124  9:22  Marine x2  
  127  9:24  Marauder, SCV  
  127  9:25  SCV x2  
  127  9:28  Widow Mine x2  
  127  9:30  Refinery x2  
  134  9:31  Supply Depot  
  134  9:32  Supply Depot  
  134  9:33  Marauder  
  134  9:36  Marauder  
  138  9:40  Marine x2  
  138  9:45  Marauder  
  141  9:51  Widow Mine x2  
  139  9:53  Marine x2  
  139  9:54  Marauder  
  139  9:56  SCV  
  139  9:57  Marine, SCV x2  
  139  9:58  Marine x2  
  149  10:04  Ghost Academy  
  143  10:10  Command Center  
Tags
 
Add a new tag
Caveats
  • Supply blocks, unpowered buildings, or Contaminate may cause inaccurate times.
  • Supply counts are checked every 10 seconds.